Unix NetHack Version 5.0.0-0 post-release - last build Jun 10 2026 00:39:30 (3ee93aec679c4c4259841fe613dc97188e26a321,branch:main).

Game began 2026-06-17 17:40:17, ended 2026-06-17 17:52:36.

Barrb, neutral female human Barbarian

                    ------
                    |>...-##    ----------------
                    |....|      |....a.........|
                   #-....|      |...@a.........|
                   #----|-      |....:.....)...|
                   #    ##      ------------|---
                  ##     #            #######
                 ##      #            # ####
                ##       #        #####
                #        #        #
       ---------#        ##########
       |.......-############# ##`##
       |.......|#       #  #
       |.......|       -|--.---------
       |........       |.....`......|
       |.......|       |...........F|             |
       ---------       |........<....      .......|
                       --------------             |

Barrb the Pillager         St:18/01 Dx:15 Co:18 In:7 Wi:9 Ch:7  Neutral
Dlvl:4  $:72 HP:0(53) Pw:12(12) AC:7  Xp:4 T:2235  Burdened

Latest messages:
 You have a little trouble lifting C - a gray spellbook.
 You hear the chime of a cash register.
 You kill the kobold!
 The door opens.
 The hobbit thrusts her dagger.
 The hobbit hits!
 The hobbit thrusts her dagger.
 The hobbit hits!
 The hobbit thrusts her dagger.
 The hobbit hits!
 The giant bat bites!
 You kill the hobbit!
 You see here a dagger.
 You smite the giant bat!
 The giant bat just misses!
 The giant bat misses!
 You miss the giant bat.
 The giant bat bites!
 You miss the giant bat.
 The giant bat bites!
 The giant bat bites!
 The giant bat bites!
 The giant bat misses!
 You kill the giant bat!
 You stop searching.
 You miss the sewer rat.
 The sewer rat bites!
 You miss the sewer rat.
 The sewer rat bites!
 The sewer rat bites!
 You miss the sewer rat.
 The sewer rat bites!
 You miss the sewer rat.
 The sewer rat bites!
 You kill the sewer rat!
 You stop searching.
 The giant ant bites!
 The giant ant just misses!
 The giant ant bites!
 You miss the giant ant.
 The giant ant bites!
 You smite the giant ant!
 The giant ant bites!
 You miss the giant ant.
 The giant ant bites!
 The giant ant bites!
 The giant ant bites!
 The giant ant bites!
 You die...
 Do you want your possessions identified? [ynq] (y) q

Inventory:
 Coins    ('$')
  $ - 72 gold pieces
 Amulets  ('"')
  q - an uncursed amulet of reflection
 Weapons  (')')
  b - a +0 axe (alternate weapon; not wielded)
  a - a +0 two-handed sword (weapon in hands)
 Armor    ('[')
  s - an uncursed +0 elven mithril-coat
  c - an uncursed +0 ring mail (being worn)
 Comestibles  ('%')
  k - an uncursed cream pie
  d - 2 uncursed food rations
 Scrolls  ('?')
  u - an uncursed scroll of create monster
  e - a cursed scroll of destroy armor
  r - an uncursed scroll of light
 Spellbooks  ('+')
  w - an uncursed spellbook of blank paper
  l - an uncursed spellbook of chain lightning
  v - an uncursed spellbook of confuse monster
  C - an uncursed spellbook of extra healing
 Potions  ('!')
  f - 3 blessed potions of healing
  p - an uncursed potion of healing
  t - a cursed potion of healing
  B - a cursed potion of speed
 Wands    ('/')
  n - a wand of cold (0:7)
  g - a wand of magic missile (0:5)
  m - a wand of opening (0:7)
  j - a wand of polymorph (0:5)
 Tools    ('(')
  i - an uncursed tin whistle
  h - a cursed tin whistle
 Gems/Stones  ('*')
  o - an uncursed amber stone
  z - an uncursed worthless piece of violet glass

Barrb the Barbarian's attributes:

Background:
 You were a Pillager, a level 4 female human Barbarian.
 You were neutral, nominally on a mission for Crom
 who was opposed by Mitra (lawful) and Set (chaotic).
 You were right-handed.
 You were in the Dungeons of Doom, on level 4.
 You entered the dungeon 2235 turns ago.
 There was a new moon in effect when your adventure ended.
 You had 135 experience points, 25 more were needed to attain level 5.

Basics:
 You had 0 out of 53 hit points.
 You had all 12 energy points (spell power).
 Your armor class was 7.
 Your wallet contained 72 zorkmids.
 Autopickup was off.

Final Characteristics:
 Your strength was 18/01 (limit:18/100).
 Your dexterity was 15 (peak:16, limit:18).
 Your constitution was 18 (limit:18).
 Your intelligence was 7 (limit:18).
 Your wisdom was 9 (limit:18).
 Your charisma was 7 (limit:18).

Final Status:
 You weren't hungry.
 You were burdened; movement was slightly slowed.
 You were wielding a two-handed sword.
 You had basic skill with two-handed sword.

Final Attributes:
 You were piously aligned.
 You were poison resistant.
 You were warded.
 You are dead.

Miscellaneous:
 You didn't encounter any bones levels.
 Total elapsed playing time was 12 minutes and 18 seconds.

Major events:
 Turn
    1: Barrb the neutral female human Barbarian entered the dungeon
 1232: attained the rank of Pillager (level 3)
 2235: killed by a giant ant

You didn't know any spells.

Skills:
 Fighting Skills
   bare handed combat [Basic]
   two weapon combat  [Unskilled]
   riding             [Unskilled]
 Weapon Skills
   dagger             [Unskilled]
   axe                [Basic]
   pick-axe           [Unskilled]
   short sword        [Unskilled]
   broadsword         [Unskilled]
   long sword         [Unskilled]
   two-handed sword   [Basic]
   saber              [Unskilled]
   club               [Unskilled]
   mace               [Unskilled]
   morning star       [Unskilled]
   flail              [Unskilled]
   hammer             [Unskilled]
   quarterstaff       [Unskilled]
   spear              [Unskilled]
   trident            [Unskilled]
   bow                [Unskilled]
 Spellcasting Skills
   attack spells      [Unskilled]
   escape spells      [Unskilled]

Voluntary challenges:
 Character rerolling was not enabled.
 You were an atheist.
 You were illiterate.
 You never genocided any monsters.
 You never polymorphed an object.
 You never changed form.
 You used no wishes.
Achievements:
 You attained the rank of Pillager.
 You entered a shop.

 The Dungeons of Doom: levels 1 to 5
    Level 1:
    Level 2:
    Level 3:
       An armor shop.
    Level 4: <- You were here.
       Final resting place for
          you, killed by a giant ant.
    Level 5:


Vanquished creatures:
  a little dog
  a homunculus
  a kobold shaman
  a giant bat
 an orc zombie
  a gas spore
  3 hobbits
  4 jackals
  2 foxes
  2 kobolds
  a goblin
  3 sewer rats
  5 grid bugs
  2 lichens
  a kobold zombie
  7 newts
36 creatures vanquished.

No species were genocided or became extinct.

Game over:
                       ----------
                      /          \
                     /    REST    \
                    /      IN      \
                   /     PEACE      \
                  /                  \
                  |      Barrb       |
                  |      72 Au       |
                  |   killed by a    |
                  |    giant ant     |
                  |                  |
                  |                  |
                  |       2026       |
                 *|     *  *  *      | *
        _________)/\\_//(\/(/\)/\//\/|_)_______

Goodbye Barrb the Barbarian...

You died in The Dungeons of Doom on dungeon level 4 with 747 points,
and 72 pieces of gold, after 2235 moves.
You were level 4 with a maximum of 53 hit points when you died.

